 Dungeon Crawl Stone Soup version 0.20.1-1-g8b1a95d (webtiles) character file.

2850 kae the Martial Artist (level 9, -16/108 HPs)
             Began as a Demonspawn Gladiator on Sept 5, 2017.
             Was a Priest of Okawaru.
             Demolished by an orc knight
             ... wielding a +0 trident
              (17 damage)
             ... in a bailey.
             The game lasted 00:09:18 (7785 turns).

kae the Martial Artist (Demonspawn Gladiator)       Turns: 7785, Time: 00:09:19

Health: -16/108    AC: 24    Str: 15    XL:     9   Next: 46%
Magic:  11/11      EV:  2    Int: 14    God:    Okawaru [***...]
Gold:   351        SH:  0    Dex: 15    Spells: 8/8 levels left

rFire    . . .     SeeInvis .     - Unarmed
rCold    . . .     Gourm    .   (no shield)
rNeg     + + +     Faith    .   (armour currently unavailable)
rPois    +         Spirit   .   (helmet currently unavailable)
rElec    .         Reflect  .   (cloak currently unavailable)
rCorr    .         Harm     .   (gloves currently unavailable)
MR       .....     NoTele   +   (boots currently unavailable)
Stlth    +.........             (no amulet)
Regen    0.3/turn               h - ring of teleportation (curse)
MPRegen  0.2/turn               i - -3 ring of dexterity (curse)

@: brilliant, tree-form
A: demonic guardian 2
a: Heroism, Renounce Religion


You were in a bailey.
You worshipped Okawaru.
Okawaru was most pleased with you.
You were not hungry.
You were a tree.
You visited 2 branches of the dungeon, and saw 8 of its levels.
You also visited: Bailey.

You collected 351 gold pieces.

Inventory:

Missiles
 c - 3 throwing nets (quivered)
Armour
 a - a +0 leather armour (melded)
 n - a +0 cloak (melded)
 s - a +1 pair of gloves (melded)
 y - a +1 hat (melded)
Jewellery
 h - a cursed ring of teleportation (left branch)
 i - a cursed -3 ring of dexterity (right branch)
 k - a +3 ring of evasion
 C - an uncursed ring of ice {unknown}
Wands
 x - a wand of polymorph (12/24)
 E - a wand of paralysis (6/24)
Scrolls
 m - 2 scrolls of teleportation
 q - 5 scrolls of recharging
 t - a scroll of enchant weapon
 z - a scroll of amnesia
 A - a scroll of enchant armour
Potions
 b - 2 potions of curing
 e - 2 potions of magic
 l - a potion of lignification
 o - 3 potions of might
 p - 3 potions of degeneration
 r - a potion of mutation
 w - a potion of haste
Books
 j - a book of Conjurations

   Spells                             Type                      Level
   a - Magic Dart                     Conjuration                  1
   b - Searing Ray                    Conjuration                  2
   c - Dazzling Spray                 Conjuration/Hexes            3
   d - Fulminant Prism                Conjuration/Hexes            4
   e - Force Lance                    Conjuration/Translocation    4
   f - Iskenderun's Mystic Blast      Conjuration                  4
Comestibles
 d - 6 bread rations
 f - 4 royal jellies
 g - 2 meat rations
 v - 4 fruits


   Skills:
 + Level 7.4 Fighting
 - Level 1.8 Throwing
 - Level 2.8 Dodging
 * Level 10.0 Unarmed Combat
 + Level 3.5 Invocations


You had 8 spell levels left.
You didn't know any spells.

Dungeon Overview and Level Annotations

Branches:
Dungeon (7/15)             Temple (1/1) D:5

Altars:
Ashenzari
Dithmenos
Elyvilon
Fedhas
Gozag
Hepliaklqana
Kikubaaqudgha
Nemelex Xobeh
Okawaru
Qazlal
Ru
Sif Muna
Trog
Uskayaw
Vehumet
Xom
Yredelemnul
The Shining One


Innate Abilities, Weirdness & Mutations

((You have sharp fingernails.))
((You are partially covered in molten scales. (AC +2)))
A demonic guardian rushes to your aid.
((You are mostly covered in sharp spines.))


Message History

You turn into a tree.
Your +0 cloak melds into your body.
Your +1 hat melds into your body.
Your +1 pair of gloves melds into your body.
Your +0 leather armour melds into your body.
Your roots penetrate the ground.
You feel strangely stable.
Your sixfirhy hits the orc warrior!
Your sixfirhy shocks the orc warrior!
The orc warrior hits you but does no damage.
The orc knight hits you but does no damage.
The orc warrior hits you but does no damage. x2
Your sixfirhy hits the orc warrior but does no damage.
You feel better.
Your sixfirhy hits the orc warrior.
Your sixfirhy shocks the orc warrior!
The orc warrior dies!
Okawaru accepts your kill.
The orc knight hits you from afar with a glaive!
* * * LOW HITPOINT WARNING * * *
The orc warrior hits you from afar with a halberd.
* * * LOW HITPOINT WARNING * * *
The orc knight hits you from afar with a trident!
You die...

.........≈≈..## ##.o≈≈..........#
≈≈≈≈≈≈≈≈≈≈..##.∩.##o.≈≈≈≈≈≈≈≈≈≈.#
≈o....oo...## ... ##..........≈.#
≈o#############+###+#########.≈.#
≈o## ##.......§.## .≈.# ≈oo##
#..≈≈§≈≈§≈§.## ≈.# ≈≈o.##
..≈≈...§o≈§§.## .# .≈≈..#
.≈≈..o⌠⌠..§§..# ∩# .≈≈..#
.≈≈..o⌠♣.)≈≈§.# ≈≈..##
..§≈.o..3≈≈..## ≈..##
#..§≈≈≈≈§§..+# ≈.##.$$
##........§## ≈.# ### #####+#####
≈.. # ≈≈≈≈ ..... ######.


You could see 2 orc knights, 2 orc warriors and a friendly sixfirhy.

Vanquished Creatures
  Sigmund (D:4)
  Duvessa (D:5)
  A water moccasin (D:6)
  2 ice beasts
  3 sky beasts
  3 ogres
  3 centaurs
  5 bullfrogs (D:6)
  Dowan (D:5)
  A water moccasin skeleton (D:4)
  2 howler monkeys (D:5)
  A centaur zombie (D:5)
  2 hounds
  A centaur skeleton (D:4)
  2 jellies (D:5)
  4 orc priests
  Crazy Yiuf (D:2)
  8 orc wizards
  Jessica (D:3)
  A worker ant (D:6)
  A hound zombie (D:5)
  2 hound skeletons
  4 gnolls (D:3)
  A howler monkey skeleton (D:6)
  10 adders
  3 oozes (D:1)
  4 worms
  4 dart slugs
  5 leopard geckos
  30 orcs
  3 bats
  9 giant cockroaches
  13 goblins
  7 hobgoblins
  13 jackals
  7 kobolds
  5 quokkas
  8 frilled lizards
  A leopard gecko skeleton (D:4)
  A quokka zombie (D:7)
  6 rats
181 creatures vanquished.

Vanquished Creatures (collateral kills)
  An orc warrior (Bailey)
  A phantom (D:6)
  A crimson imp (D:5)
  An orc priest (D:6)
  4 orcs
  A frilled lizard (D:4)
9 creatures vanquished.

Grand Total: 190 creatures vanquished

Notes
Turn   | Place    | Note
-------+----------+-------------------------------------------
     0 | D:1      | kae the Demonspawn Gladiator began the quest for the Orb.
     0 | D:1      | Reached XP level 1. HP: 16/16 MP: 1/1
   251 | D:1      | Gained mutation: You have sharp fingernails. [demonic ancestry]
   251 | D:1      | Reached XP level 2. HP: 17/22 MP: 2/2
   258 | D:1      | Reached skill level 3 in Unarmed Combat
   610 | D:1      | Gained mutation: A weak demonic guardian rushes to your aid. [demonic ancestry]
   610 | D:1      | Reached XP level 3. HP: 25/28 MP: 3/3
  1323 | D:2      | Gained mutation: You are partially covered in molten scales. (AC +2) [demonic ancestry]
  1323 | D:2      | Reached XP level 4. HP: 28/34 MP: 4/4
  1345 | D:2      | Reached skill level 4 in Unarmed Combat
  1769 | D:2      | Found a sparkling altar of Nemelex Xobeh.
  1856 | D:2      | Found a runed door.
  2039 | D:2      | Found a basalt altar of Yredelemnul.
  2498 | D:2      | Noticed Crazy Yiuf
  2504 | D:2      | Killed Crazy Yiuf
  2504 | D:2      | Reached XP level 5. HP: 41/41 MP: 5/5
  2620 | D:3      | Noticed Jessica
  2629 | D:3      | Killed Jessica
  2880 | D:3      | Reached skill level 5 in Unarmed Combat
  3102 | D:3      | Found a shadowy altar of Dithmenos.
  3179 | D:3      | Gained mutation: You are partially covered in sharp spines. [demonic ancestry]
  3179 | D:3      | Reached XP level 6. HP: 47/48 MP: 6/6
  3963 | D:4      | Found a hide-covered altar of Uskayaw.
  3981 | D:4      | Noticed an enchanted hand axe
  3982 | D:4      | Noticed a dagger
  4188 | D:4      | Noticed Sigmund
  4216 | D:4      | Killed Sigmund
  4216 | D:4      | Reached skill level 6 in Unarmed Combat
  4383 | D:4      | Gained mutation: You are mostly covered in sharp spines. [demonic ancestry]
  4383 | D:4      | Reached XP level 7. HP: 47/55 MP: 7/7
  4478 | D:4      | Found a sacrificial altar of Ru.
  4849 | D:4      | Reached skill level 5 in Fighting
  4946 | D:4      | Reached skill level 7 in Unarmed Combat
  4966 | D:5      | Entered Level 5 of the Dungeon
  5232 | D:5      | Found a staircase to the Ecumenical Temple.
  5242 | D:5      | Found a glowing golden altar of the Shining One.
  5257 | Temple   | Entered the Ecumenical Temple
  5265 | Temple   | Became a worshipper of Warmaster Okawaru
  5509 | D:5      | Gained mutation: A demonic guardian rushes to your aid. [demonic ancestry]
  5509 | D:5      | Reached XP level 8. HP: 63/63 MP: 8/8
  5544 | D:5      | Noticed Dowan
  5545 | D:5      | Noticed Duvessa
  5552 | D:5      | Killed Duvessa
  5559 | D:5      | Killed Dowan
  5559 | D:5      | Reached * piety under Okawaru
  5736 | D:5      | Reached skill level 8 in Unarmed Combat
  6401 | D:6      | Reached skill level 9 in Unarmed Combat
  6434 | D:6      | Reached ** piety under Okawaru
  6728 | D:6      | Reached XP level 9. HP: 71/71 MP: 9/9
  6755 | D:6      | Found a glowing golden altar of the Shining One.
  6769 | D:6      | Reached skill level 1 in Invocations
  6951 | D:6      | Found a blossoming altar of Fedhas.
  7060 | D:6      | Found an opulent altar of Gozag.
  7118 | D:6      | Found a shimmering altar of Xom.
  7215 | D:6      | Found a deep blue altar of Sif Muna.
  7337 | D:6      | Found a hazy altar of Hepliaklqana.
  7636 | D:7      | Reached skill level 10 in Unarmed Combat
  7642 | D:7      | Reached *** piety under Okawaru
  7709 | D:7      | Found a flagged portal.
  7716 | Bailey   | Entered a bailey
  7781 | Bailey   | Noticed an orc knight
  7782 | Bailey   | Noticed an orc knight
  7785 | Bailey   | HP: 2/108 [orc knight/glaive (11)]
  7785 | Bailey   | Demolished by an orc knight

Skill      XL: |  1  2  3  4  5  6  7  8  9 |
---------------+----------------------------+-----
Unarmed Combat | 3 4 5 6 7 9 10 | 10.0
Fighting       | 3 4 5 6 7 |  7.4
Invocations    | 3 |  3.5
Throwing       | |  1.8
Dodging        | |  2.8

Action                   |  1- 3 |  4- 6 |  7- 9 || total
-------------------------+-------+-------+-------++-------
Melee: Unarmed           |   135 |   179 |   216 ||   530
       Punch             |     3 |     4 |     9 ||    16
Throw: Throwing net      |       |       |     2 ||     2
  Use: Scroll            |     2 |     5 |     6 ||    13
       Potion            |       |     4 |     5 ||     9
 Stab: Sleeping          |     2 |     2 |       ||     4
       Distracted        |     1 |     1 |     1 ||     3
       Held in net/web   |       |       |     1 ||     1
       Paralysed         |       |       |     1 ||     1
  Eat: Chunk             |     1 |     9 |    11 ||    21
       Fruit             |       |     1 |       ||     1
Armor: Leather armour    |    23 |    31 |    61 ||   115
       Skin              |       |     1 |     4 ||     5
Dodge: Dodged            |    91 |    90 |   124 ||   305
